 Dungeon Crawl Stone Soup version 0.29.1-12-g30fa7ad0bf (webtiles) character file.

Game seed: 9676578207097868094

578 Mordecai the Slasher (level 7, -3/60 HPs)
             Began as a Meteoran Fighter on Jan 13, 2023.
             Killed from afar by an orc wizard (4 damage)
             ... with a magic dart
             ... on level 6 of the Dungeon.
             The game lasted 00:13:35 (2971 turns).

Mordecai the Slasher (Meteoran Fighter)             Turns: 2971, Time: 00:13:36

Health: -3/60      AC: 10    Str: 18    XL:     7   Next: 94%
Magic:  11/11      EV: 10    Int: 12    God:
Gold:   201        SH:  5    Dex: 13    Spells: 10/10 levels left

rFire   + + .      SeeInvis .   a - +0 long sword
rCold   + . .      Faith    .   c - +0 buckler
rNeg    . . .      Spirit   .   l - +3 scale mail {rF+}
rPois   +          Reflect  .   (no helmet)
rElec   +          Harm     .   (no cloak)
rCorr   +          Rampage  .   (no gloves)
Will    .....                   (no boots)
Stlth   ..........              (no amulet)
HPRegen 0.20/turn               e - +4 ring of slaying
MPRegen 0.12/turn               (no ring)

@: resistant, glowing
A: sense surroundings 1, otherworldly, glowing, explore regen
a: no special abilities


You were on level 6 of the Dungeon.
You visited 1 branch of the dungeon, and saw 6 of its levels.

You collected 201 gold pieces.

Inventory:

Hand Weapons
 a - a +0 long sword (weapon)
 t - the +10 sling of Oros {flame, Fly Str+6 Int-5 Stlth+}
   (You found it on level 5 of the Dungeon)

   Any ammunition fired from it burns those it strikes, dealing additional fire
   damage.
   Str:       It affects your strength (+6).
   Int:       It affects your intelligence (-5).
   Fly:       It grants you flight.
   Stlth:     It makes you more stealthy.
Missiles
 j - 6 boomerangs
 k - 3 atropa-tipped darts (quivered)
 s - 2 poisoned darts
Armour
 b - a +0 scale mail
 c - a +0 buckler (worn)
 l - a +3 scale mail of fire resistance (worn)
Jewellery
 e - a +4 ring of slaying (left hand)
Wands
 u - a wand of paralysis (2)
Scrolls
 h - a scroll of amnesia
 i - a scroll of noise {unknown}
 m - 2 scrolls of immolation
 r - 4 scrolls of teleportation {unknown}
Potions
 d - a potion of brilliance {unknown}
 f - a potion of lignification
 g - a potion of mutation {unknown}
 n - a potion of attraction
 p - a potion of curing {unknown}
 q - a potion of degeneration {unknown}
 v - a potion of might


   Skills:
 * Level 4.4 Fighting
 * Level 5.0 Long Blades
 * Level 1.8 Ranged Weapons
 * Level 1.9 Throwing
 * Level 4.8 Armour
 * Level 2.2 Dodging
 * Level 1.6 Stealth
 * Level 4.5 Shields
 * Level 2.4 Spellcasting
 * Level 0.6 Evocations


You had 10 spell levels left.
You didn't know any spells.
Your spell library was empty.

Dungeon Overview and Level Annotations

Branches:
Dungeon (6/15) Zot: 552
 Temple: D:4-7

Altars:
Xom

Annotations:
D:4 1 runed translucent door, ExaltedWalrus's ghost, novice MiFi


Innate Abilities, Weirdness & Mutations

You passively map a small area around you.
You are easily found by Zot.
You glow in the dark.
You regain HP and MP as you explore.


Message History

The ice beast hits you but does no damage.
The orc hits you but does no damage. Something hits you but does no damage.
You barely miss the ice beast.
The ice beast is almost dead.
The ice beast hits you. The ice beast freezes you!
* * * LOW HITPOINT WARNING * * *
The orc hits you but does no damage. Something hits you but does no damage.
Unknown command.
You closely miss the ice beast.
The ice beast is almost dead.
The ice beast hits you but does no damage.
The orc barely misses you. Something hits you but does no damage.
You closely miss the ice beast.
The ice beast is almost dead.
The ice beast hits you but does no damage.
You block the orc's attack. Something hits you.
* * * LOW HITPOINT WARNING * * *
You completely miss the ice beast.
The ice beast is almost dead.
You block the ice beast's attack. The orc hits you but does no damage.
Something hits you but does no damage.
Unknown command.
You closely miss the ice beast.
The ice beast is almost dead.
The ice beast barely misses you. Something completely misses you.
The orc closely misses you. The orc misses you.
The ice beast hits you but does no damage.
Something hits you.
* * * LOW HITPOINT WARNING * * *
It was a potion of resistance.
You feel protected. The ice beast hits you.
* * * LOW HITPOINT WARNING * * *
The ice beast freezes you. You resist.
* * * LOW HITPOINT WARNING * * *
You block the orc's attack.
You hear some strange, mumbled words.
A magic dart appears from out of thin air!
The magic dart hits you.
You die...

, ............#
#.............#
*.............# *
,*..)..........# ,
, ......<.....## *,
**#...........#
+....oY{....# *
,*#####.....@.....#
*#..........$.$..#
, #.###...........#
,,
#...#...........# ,
,*###.#..?........#
, , *
#.#...........#
#.#...........# ,,*
#.#...........# ,*
* #.#############


You could see an ice beast and an orc.

Vanquished Creatures
  An ogre (D:4)
  A centaur (D:5)
  2 necrophages
  A hound (D:4)
  An iguana (D:5)
  3 orc wizards (D:5)
  Terence (D:2)
  6 adders
  A worm (D:2)
  3 dart slugs
  8 orcs
  7 endoplasms
  6 giant cockroaches
  5 hobgoblins
  3 jackals (D:3)
  7 kobolds
  5 quokkas
  6 ball pythons
  9 bats
  6 goblins
  2 rats
84 creatures vanquished.

Notes
Turn   | Place    | Note
-------+----------+-------------------------------------------
     0 | D:1      | Mordecai the Meteoran Fighter began the quest for the Orb.
     0 | D:1      | Reached XP level 1. HP: 19/19 MP: 2/2
    31 | D:1      | Reached XP level 2. HP: 4/26 MP: 3/3
   470 | D:1      | Reached XP level 3. HP: 26/31 MP: 4/4
   484 | D:1      | Glimpsed the power of Zot.
   533 | D:1      | Glimpsed the power of Zot.
   573 | D:1      | Glimpsed the power of Zot.
   646 | D:2      | Reached skill level 1 in Spellcasting
   692 | D:2      | Found a shimmering altar of Xom.
   805 | D:2      | Reached XP level 4. HP: 37/39 MP: 6/6
  1058 | D:2      | Noticed Terence
  1064 | D:2      | Killed Terence
  1065 | D:2      | Reached skill level 3 in Long Blades
  1072 | D:2      | Glimpsed the power of Zot.
  1096 | D:3      | Reached skill level 1 in Dodging
  1096 | D:3      | Reached XP level 5. HP: 33/46 MP: 7/7
  1476 | D:3      | Reached skill level 1 in Stealth
  1655 | D:3      | Glimpsed the power of Zot.
  1705 | D:3      | Glimpsed the power of Zot.
  1722 | D:4      | Noticed an ogre
  1736 | D:4      | Killed an ogre
  1737 | D:4      | Reached skill level 4 in Long Blades
  1737 | D:4      | Reached skill level 1 in Throwing
  1737 | D:4      | Reached XP level 6. HP: 5/52 MP: 9/9
  1917 | D:4      | Reached XP level 7. HP: 40/59 MP: 9/11
  2247 | D:4      | Glimpsed the power of Zot.
  2287 | D:4      | Found a runed translucent door.
  2288 | D:4      | Noticed ExaltedWalrus's ghost (novice MiFi)
  2297 | D:4      | Glimpsed the power of Zot.
  2337 | D:5      | Entered Level 5 of the Dungeon
  2342 | D:5      | Identified the +10 sling of Oros {flame, Fly Str+6 Int-5
                  | Stlth+}
  2655 | D:5      | Reached skill level 5 in Long Blades
  2655 | D:5      | Reached skill level 1 in Ranged Weapons
  2826 | D:5      | Glimpsed the power of Zot.
  2876 | D:5      | Glimpsed the power of Zot.
  2916 | D:5      | Glimpsed the power of Zot.
  2971 | D:6      | HP: 1/60 [ice beast (4)]
  2971 | D:6      | Killed from afar by an orc wizard

Illustrated notes

Levels and vault maps discovered:
D:1:      tarquinn_simple_flora_water_f, layout_basic, serial_bayou_crossing
D:2:      layout_basic, basic_altar, minmay_circle_x, uniq_terence
D:3:      layout_basic
D:4:      layout_loops_cross, gammafunk_ghost_grave
D:5:      layout_basic
D:6:      layout_basic, nicolae_sextant

Skill      XL: |  1  2  3  4  5  6  7 |
---------------+----------------------+-----
Armour         | 4 |  4.8
Spellcasting   | 1 2 |  2.4
Shields        | 4 |  4.5
Long Blades    | 3 4 5 |  5.0
Dodging        | 1 2 |  2.2
Stealth        | 1 |  1.6
Fighting       | 4 |  4.4
Throwing       | 1 |  1.9
Ranged Weapons | 1 |  1.8
Evocations     | |  0.6

Action                   |  1- 3 |  4- 6 |  7- 9 || total
-------------------------+-------+-------+-------++-------
Melee: Long sword        |    75 |   101 |    35 ||   211
 Fire: Sling             |       |       |    41 ||    41
Throw: Dart              |       |     7 |       ||     7
  Use: Scroll            |     1 |     1 |     4 ||     6
       Potion            |       |     3 |     1 ||     4
Armor: Scale mail        |    60 |    21 |    50 ||   131
       Skin              |       |     1 |       ||     1
Dodge: Dodged            |    33 |    47 |    26 ||   106
Block: Buckler           |    18 |    24 |    21 ||    63
